 Dungeon Crawl Stone Soup version 0.24.0-1-gfbc8707 (webtiles) character file.

Game seed: 9773540674710485515, levelgen mode: deterministic

357636 Illumine the Warrior (level 22, -4/146 HPs)
             Began as a Gargoyle Monk on Nov 3, 2019.
             Was the Champion of Ru.
             Killed from afar by Frederick (35 damage)
             ... with an iron shot
             ... on level 4 of the Vaults.
             The game lasted 02:47:00 (50390 turns).

Illumine the Warrior (Gargoyle Monk)               Turns: 50390, Time: 02:47:00

Health: -4/146     AC: 44    Str: 26    XL:     22   Next: 37%
Magic:  29/29      EV:  7    Int: 18    God:    Ru [******]
Gold:   4842       SH: 27    Dex: 12    Spells: 29/31 levels left

rFire    + . .     SeeInvis +     - Unarmed
rCold    . . .     Gourm    .   K - +0 large shield
rNeg     + + +     Faith    .   a - +4 chain mail {rF+}
rPois    ∞         Spirit   .   y - +1 helmet of Purpose {rElec Slay+6}
rElec    +         Reflect  +   u - +1 cloak
rCorr    .         Harm     .   h - +0 pair of gloves
MR       +....                  e - +0 pair of boots of the Queen {Regen+ Str+4}
Stlth    ..........             O - +5 amulet of reflection
HPRegen  0.74/turn              F - ring of see invisible
MPRegen  0.21/turn              I - ring of Yntosoh {rElec rPois rN+++ Int+4 Stlth+}

@: flying
A: big wings, negative energy resistance 1, electricity resistance, unbreathing,
petrification resistance, rot immunity, inability to use devices, hated by all,
inability to train dodging, no charms magic, no earth magic, no hexes magic,
unskilled 1, AC +16
}: 2/15 runes: decaying, serpentine
a: Stop Flying, Draw Out Power, Power Leap, Apocalypse, Renounce Religion


You were on level 4 of the Vaults.
You worshipped Ru.
Ru was exalted by your worship.
You were not hungry.

You visited 8 branches of the dungeon, and saw 39 of its levels.
You visited the Abyss 1 time.
You also visited: Ice Cave and Volcano.

You collected 4978 gold pieces.
You spent 136 gold pieces at shops.

Inventory:

Hand Weapons
 b - the +4 hand crossbow of Darkness {velocity, rC++}
   (You took it off a naga warrior on level 4 of the Snake Pit)

   Any bolt fired from it inflicts extra damage.
   It greatly protects you from cold.
Missiles
 k - 26 boomerangs (quivered)
 m - 2 throwing nets
 q - 68 poisoned darts
 z - 7 atropa-tipped darts
 Q - 771 bolts
Armour
 a - a +4 chain mail of fire resistance (worn)
 e - the +0 pair of boots of the Queen (worn) {Regen+ Str+4}
   (You found it on level 3 of the Elven Halls)

   It affects your strength (+4).
   It increases your rate of regeneration.
 h - a +0 pair of gloves (worn)
 u - a +1 cloak (worn)
 y - the +1 helmet of Purpose (worn) {rElec Slay+6}
   (You found it in a volcano)

   It affects your accuracy and damage with ranged weapons and melee attacks
   (+6).
   It insulates you from electricity.
 K - a +0 large shield (worn)
 N - the cursed +1 plate armour of Awe {+Fly Slay+6}
   (You found it on level 3 of the Elven Halls)

   It affects your accuracy and damage with ranged weapons and melee attacks
   (+6).
   It lets you fly.
   It has a curse placed upon it.
Jewellery
 t - the ring of Equilibrium {AC+3 Str+4 Dex+6}
   (You found it on level 1 of the Vaults)

   [ring of protection]

   It affects your AC (+3).
   It affects your strength (+4).
   It affects your dexterity (+6).
 v - an uncursed ring of ice
 E - a +4 ring of evasion
 F - a ring of see invisible (left hand)
 I - the ring of Yntosoh (right hand) {rElec rPois rN+++ Int+4 Stlth+}
   (You found it in an ice cave)

   [ring of poison resistance]

   It affects your intelligence (+4).
   It insulates you from electricity.
   It protects you from poison.
   It renders you almost immune to negative energy.
   It makes you more stealthy.
 L - an uncursed ring of stealth
 M - an uncursed ring of stealth
 O - a +5 amulet of reflection (around neck)
 S - an uncursed ring of protection from magic
 T - an uncursed ring of protection from fire
 U - an uncursed ring of resist corrosion
Scrolls
 c - 3 scrolls of identify
 g - 7 scrolls of magic mapping
 i - 15 scrolls of teleportation
 j - 3 scrolls of torment
 n - 3 scrolls of blinking
 o - 6 scrolls of immolation
 w - 4 scrolls of remove curse
 A - 3 scrolls of enchant armour
 B - 5 scrolls of silence
 D - 2 scrolls of holy word
 G - a scroll of brand weapon
 J - 4 scrolls of fog
 P - 6 scrolls of fear
Potions
 d - 4 potions of haste
 f - 12 potions of curing
 l - 3 potions of berserk rage
 p - 4 potions of ambrosia
 r - 4 potions of resistance
 s - 3 potions of heal wounds
 x - 3 potions of cancellation
 H - 4 potions of mutation
 Z - a potion of invisibility
Comestibles
 C - 38 rations


   Skills:
 + Level 17.8 Fighting
 + Level 9.8 Crossbows
 - Level 8.0 Throwing
 + Level 17.1 Armour
 - Level 2.0 Stealth
 + Level 16.6 Shields
 + Level 17.8 Unarmed Combat
 - Level 5.0 Spellcasting
 - Level 2.2 Translocations


You had 29 spell levels left.
You knew the following spells:

 Your Spells              Type           Power        Failure   Level  Hunger
a - Blink                 Tloc           N/A          63%         2    #......

Your spell library contained the following spells:

 Spells                   Type           Power        Failure   Level  Hunger
 Freeze                   Ice            #...         80%         1    None
 Magic Dart               Conj           #...         80%         1    None
 Shock                    Conj/Air       #...         80%         1    None
 Gell's Gravitas          Tloc           ##........   85%         3    ##.....
 Searing Ray              Conj           #.....       90%         2    #......
 Throw Flame              Conj/Fire      #.....       90%         2    #......
 Throw Frost              Conj/Ice       #.....       90%         2    #......
 Conjure Flame            Conj/Fire      #.......     99%         3    ##.....
 Ignite Poison            Fire/Tmut/Pois #.......     99%         3    ##.....
 Mephitic Cloud           Conj/Pois/Air  #.......     99%         3    ##.....
 Static Discharge         Conj/Air       #.......     99%         3    ##.....
 Airstrike                Air            #.........   100%        4    ####...
 Force Lance              Conj/Tloc      #.......     100%        4    ####...
 Iskenderun's Mystic Bla  Conj           #.......     100%        4    ####...
 Throw Icicle             Conj/Ice       #.......     100%        4    ####...
 Fireball                 Conj/Fire      #.........   100%        5    ######.
 Lightning Bolt           Conj/Air       #.........   100%        5    ######.
 Bolt of Cold             Conj/Ice       #.........   100%        6    #######
 Bolt of Fire             Conj/Fire      #.........   100%        6    #######
 Borgnjor's Revivificati  Necr           #.........   100%        8    #######
 Ignition                 Fire           #.........   100%        8    #######
 Necromutation            Tmut/Necr      #.........   100%        8    #######
 Shroud of Golubria       Chrm/Tloc      Unusable     N/A         2    N/A
 Animate Skeleton         Necr           Unusable     N/A         1    N/A
 Confusing Touch          Hex            Unusable     N/A         1    N/A
 Corona                   Hex            Unusable     N/A         1    N/A
 Infusion                 Chrm           Unusable     N/A         1    N/A
 Summon Butterflies       Summ           Unusable     N/A         1    N/A
 Summon Small Mammal      Summ           Unusable     N/A         1    N/A
 Call Imp                 Summ           Unusable     N/A         2    N/A
 Ensorcelled Hibernation  Hex/Ice        Unusable     N/A         2    N/A
 Slow                     Hex            Unusable     N/A         2    N/A
 Song of Slaying          Chrm           Unusable     N/A         2    N/A
 Swiftness                Chrm/Air       Unusable     N/A         2    N/A
 Call Canine Familiar     Summ           Unusable     N/A         3    N/A
 Confuse                  Hex            Unusable     N/A         3    N/A
 Dazzling Spray           Conj/Hex       Unusable     N/A         3    N/A
 Ozocubu's Armour         Chrm/Ice       Unusable     N/A         3    N/A
 Regeneration             Chrm/Necr      Unusable     N/A         3    N/A
 Spectral Weapon          Hex/Chrm       Unusable     N/A         3    N/A
 Summon Guardian Golem    Hex/Summ       Unusable     N/A         3    N/A
 Tukima's Dance           Hex            Unusable     N/A         3    N/A
 Cause Fear               Hex            Unusable     N/A         4    N/A
 Fulminant Prism          Conj/Hex       Unusable     N/A         4    N/A
 Petrify                  Tmut/Erth      Unusable     N/A         4    N/A
 Summon Ice Beast         Ice/Summ       Unusable     N/A         4    N/A
 Summon Lightning Spire   Summ/Air       Unusable     N/A         4    N/A
 Metabolic Englaciation   Hex/Ice        Unusable     N/A         5    N/A
 Silence                  Hex/Air        Unusable     N/A         5    N/A
 Summon Mana Viper        Hex/Summ       Unusable     N/A         5    N/A
 Yara's Violent Unravell  Hex/Tmut       Unusable     N/A         5    N/A
 Deflect Missiles         Chrm/Air       Unusable     N/A         6    N/A
 Haunt                    Necr/Summ      Unusable     N/A         7    N/A
 Ring of Flames           Chrm/Fire      Unusable     N/A         7    N/A
 Summon Hydra             Summ           Unusable     N/A         7    N/A
 Death's Door             Chrm/Necr      Unusable     N/A         8    N/A
 Discord                  Hex            Unusable     N/A         8    N/A
 Infestation              Necr           Unusable     N/A         8    N/A

Dungeon Overview and Level Annotations

Branches:
Dungeon (15/15)            Temple (1/1) D:4            Lair (6/6) D:11
  Swamp (4/4) Lair:2        Snake (4/4) Lair:4        Slime (0/5) Lair:5
    Orc (2/2) D:9             Elf (3/3) Orc:2        Vaults (4/5) D:13
  Crypt (0/3) Vaults:2     Depths (0/5) D:15          IceCv (visited)
Volcano (visited)

Altars:
Ashenzari
Cheibriados
Elyvilon
Fedhas
Gozag
Hepliaklqana
Kikubaaqudgha
Makhleb
Nemelex Xobeh
Okawaru
Qazlal
Ru
Sif Muna
Trog
Uskayaw
Vehumet
Wu Jian
Xom
Yredelemnul
Zin
The Shining One
Beogh
Jiyva

Shops:
D:4 *   D:15 }   Orc:2 ?*:%   Elf:3 !   Snake:2 (

Portals:
Trove: D:12 (give 2 scrolls of acquirement)

Annotations:
Lair:1 exclusion: oklob plant
Lair:4 exclusion: 2 oklob plants
Vaults:4 8 runed translucent doors, Frederick; Nornya's ghost, veteran MfSu


Innate Abilities, Weirdness & Mutations

You are resistant to torment.
Your stone body is resilient. (AC +16)
You are immune to poison.
Your large and strong wings let you fly indefinitely.
You resist negative energy. (rN+)
You are resistant to electric shocks. (rElec)
You can survive without breathing.
You are immune to petrification.
You are immune to rotting.
You cannot study or use magical devices.
You are hated by all.
You cannot train Dodging skill.
You cannot study or cast Charms magic.
You cannot study or cast Earth magic.
You cannot study or cast Hexes magic.
You are somewhat unskilled. (-1 Apt)


Message History

Unknown command.
You barely miss Frederick.
Frederick is heavily wounded.
The spellforged servitor hums quietly as it recharges.
Frederick barely misses you. You block the orc's attack.
You pummel Frederick like a punching bag!!!
Frederick is severely wounded.
You redirect the spellforged servitor's attack!
You punch Frederick!
Frederick is almost dead.
Frederick casts a spell at you. The iron shot hits you!!!
* * * LOW HITPOINT WARNING * * *
You block the orc's attack.
Unknown command.
You pummel Frederick!!
Frederick is almost dead.
Frederick points at you and mumbles some strange words.
The iron shot hits you!!
You die...

######### ######## #.......#
#......# #.......#####....####
#.......##.###..###.#
####...)...##..##8.##..#
.......#....#...@@.'...#
...#...).)#.#...#o.#...#
.#..).#.....#.###.[##..########
....#....#..)[###..###.##.....###
..#.........####....######......#
.....######## #......# ##..#...
.....# #......# ##..... .....#
####....#### ##.... .....#
#.###..###.######.#..


You could see Frederick, a spellforged servitor and an orc.

Vanquished Creatures
  Mennas (Vaults:3)
  Mara (Swamp:4)
  Boris (Vaults:3)
  the Lernaean hydra (Swamp:4)
  Bai Suzhen (Vaults:3)
  Asterion (Snake:1)
  A deep elf blademaster (Elf:3)
  A deep elf master archer (Elf:3)
  Frances (Swamp:2)
  A tengu reaver (Vaults:2)
  A shadow dragon (Vaults:2)
  Roxanne (Snake:3)
  A storm dragon (shapeshifter) (Elf:2)
  16 nagarajas
  3 fire giants
  3 frost giants
  6 deep elf sorcerers
  5 vault wardens
  Louise (Elf:2)
  An orc warlord (Vaults:4)
  5 stone giants
  8 ironheart preservers
  2 deep elf elementalists (Elf:3)
  2 very ugly things (Vaults:3)
  An entropy weaver (Vaults:1)
  6 deep elf annihilators
  6 deep elf demonologists
  Azrael (D:14)
  3 crystal guardians
  3 deep elf high priests (Elf:3)
  An ettin (Vaults:2)
  3 deep elf death magi
  5 yaktaur captains
  6 ogre magi
  8 vault guards
  2 great orbs of eyes
  19 hydras
  26 naga warriors
  3 ice dragons
  An ice dragon (shapeshifter) (Vaults:2)
  17 anacondas
  2 ghost crabs (Swamp:4)
  2 shambling mangroves
  2 catoblepae
  7 centaur warriors
  25 dancing weapons
  3 death knights
  12 alligators
  9 two-headed ogres
  3 deep troll shamans
  2 tengu warriors (D:15)
  An orc high priest (Orc:2)
  14 naga sharpshooters
  18 deep elf knights
  A spriggan (Swamp:3)
  6 shock serpents
  2 shadow wraiths
  6 salamander mystics
  8 skeletal warriors (Vaults:2)
  A fire crab (shapeshifter) (D:15)
  An unseen horror (D:12)
  4 deep trolls
  4 wizards
  A hell knight (Volcano)
  An unseen horror (shapeshifter) (Vaults:3)
  A flayed ghost (Vaults:2)
  9 swamp dragons
  A phantasmal warrior (D:15)
  8 naga ritualists
  A glowing orange brain (shapeshifter) (Vaults:3)
  15 orc knights
  14 deep elf archers
  6 ironbrand convokers
  A wolf spider zombie (D:15)
  5 harpies
  An orc sorcerer (Orc:2)
  13 salamanders
  4 wolf spiders
  7 cyclopes
  69 deep elf magi
  5 mana vipers
  34 ugly things
  2 manticores
  8 guardian serpents
  A centaur zombie (D:12)
  49 black mambas
  6 vault sentinels
  8 elephants
  A torpor snail (shapeshifter) (Vaults:2)
  10 spiny frogs
  19 naga magi
  6 molten gargoyles
  2 ice statues (IceCv)
  A gargoyle (D:13)
  2 efreet
  4 centaur skeletons
  2 freezing wraiths
  4 rime drakes
  22 yaktaurs
  10 komodo dragons
  A tengu conjurer (D:15)
  10 hornets
  10 tyrant leeches
  2 polar bears
  10 slime creatures
  11 trolls
  21 blink frogs
  Prince Ribbit (D:6)
  2 bog bodies
  4 dream sheep (Lair:6)
  9 hippogriffs
  2 shadows
  51 yaks
  An air elemental (Elf:3)
  10 wyverns
  A water elemental (D:14)
  4 wraiths
  A redback (Lair:6)
  A human (D:13)
  A vampire (D:12)
  A yak (shapeshifter) (Vaults:1)
  A fire bat (Volcano)
  10 vampire mosquitoes
  3 basilisks
  A hungry ghost (D:7)
  7 fire elementals
  3 golden eyes (Abyss:3)
  A warg (shapeshifter) (Vaults:2)
  4 insubstantial wisps (Swamp:4)
  Menkaure (D:7)
  A soldier ant (D:13)
  5 wargs
  11 swamp worms
  72 nagas
  A water moccasin (shapeshifter) (Vaults:2)
  3 acid dragons
  3 hell hounds (D:14)
  41 water moccasins
  A meliai simulacrum (D:14)
  52 orc warriors
  8 porcupines
  An eye of draining (D:11)
  30 ice beasts
  4 sky beasts
  12 swamp drakes
  2 ettin simulacra (Vaults:2)
  3 black bears
  5 phantoms
  8 crocodiles
  13 ogres
  6 wolves
  14 centaurs
  5 big kobolds
  Blork the orc (D:6)
  25 bullfrogs
  4 earth elementals
  A wyvern zombie (D:8)
  4 scorpions
  3 killer bees
  3 howler monkeys
  10 wights
  2 electric eels (D:14)
  3 lava snakes (Volcano)
  2 bullfrog zombies
  8 crimson imps
  A quasit (D:5)
  4 jellies
  16 orc priests
  3 bullfrog skeletons
  A gnoll shaman (D:5)
  4 hounds
  8 iguanas
  Terence (D:3)
  11 worker ants
  24 orc wizards
  A hound zombie (D:7)
  3 worker ant zombies
  13 adders
  4 gnolls
  5 white imps (D:14)
  3 oozes
  3 adder zombies
  4 adder skeletons
  5 leopard geckos
  92 orcs
  3 giant cockroaches
  8 goblins
  5 hobgoblins
  15 jackals
  29 kobolds
  6 quokkas
  A ball python (D:1)
  6 bats
  6 frilled lizards
  A leopard gecko skeleton (D:5)
  A quokka zombie (D:5)
  6 rats
1507 creatures vanquished.

Vanquished Creatures (others)
  A deep elf blademaster (Elf:3)
  A deep elf master archer (Elf:3)
  Aizul (Snake:3)
  A vault warden (Vaults:3)
  An ettin (Vaults:4)
  4 yaktaur captains
  A centaur warrior (Vaults:4)
  2 anacondas (Snake:4)
  An alligator (Swamp:2)
  A naga sharpshooter (Snake:4)
  A tengu warrior (D:15)
  A spriggan (Swamp:2)
  4 deep elf archers (Elf:1)
  A harpy (Vaults:2)
  A deep elf mage (Elf:2)
  A salamander (Snake:3)
  A black mamba (Lair:6)
  A naga mage (Snake:3)
  2 spiny frogs
  A gargoyle (D:13)
  A yaktaur (Vaults:4)
  A tengu conjurer (D:15)
  A hornet (Swamp:2)
  A tyrant leech (Swamp:4)
  A yak (Lair:3)
  A wyvern (Lair:6)
  4 nagas
  5 orc warriors (Orc:2)
  7 centaurs
  An orc priest (Vaults:4)
  A worker ant (D:12)
  An ufetubus (D:14)
  5 orcs
  10 fungi
  9 plants
77 creatures vanquished.

Grand Total: 1584 creatures vanquished

Notes
Turn   | Place    | Note
-------+----------+-------------------------------------------
     0 | D:1      | Illumine the Gargoyle Monk began the quest for the Orb.
     0 | D:1      | Reached XP level 1. HP: 14/14 MP: 1/1
   197 | D:1      | Reached XP level 2. HP: 19/19 MP: 2/2
   699 | D:1      | Reached XP level 3. HP: 18/23 MP: 3/3
  1620 | D:2      | Reached XP level 4. HP: 22/29 MP: 4/4
  1967 | D:3      | Found a faded altar of an unknown god.
  2008 | D:3      | Noticed Terence
  2027 | D:3      | Killed Terence
  2287 | D:3      | Reached XP level 5. HP: 31/33 MP: 5/5
  2580 | D:4      | Reached skill level 5 in Unarmed Combat
  2580 | D:4      | Reached XP level 6. HP: 24/39 MP: 4/6
  2745 | D:4      | Found a staircase to the Ecumenical Temple.
  2754 | Temple   | Entered the Ecumenical Temple
  2874 | Temple   | Became a worshipper of Ru the Awakened
  2964 | D:4      | Gained mutation: You cannot study or cast Earth magic. [Ru
                  | sacrifice]
  2964 | D:4      | Gained mutation: You cannot study or cast Hexes magic. [Ru
                  | sacrifice]
  2964 | D:4      | Gained mutation: You cannot study or cast Charms magic. [Ru
                  | sacrifice]
  2964 | D:4      | Reached * piety under Ru
  3005 | D:4      | Noticed a phantom
  3098 | D:4      | Killed a phantom
  3098 | D:4      | Reached skill level 1 in Armour
  3323 | D:4      | Found Gozag's Platinum Reserve.
  3328 | D:4      | Found an opulent altar of Gozag.
  3538 | D:4      | Reached XP level 7. HP: 40/44 MP: 7/7
  3876 | D:5      | Entered Level 5 of the Dungeon
  3879 | D:5      | Found a hide-covered altar of Uskayaw.
  3882 | D:5      | Found a sparkling altar of Nemelex Xobeh.
  3985 | D:4      | Reached skill level 5 in Fighting
  4076 | D:4      | HP: 2/44 [killer bee (2)]
  4642 | D:5      | Reached XP level 8. HP: 41/50 MP: 6/8
  4676 | D:5      | Got a slimy ring mail
  4687 | D:5      | Identified the +0 ring mail of Xeehas {Int+2 SInv} (You
                  | found it on level 5 of the Dungeon)
  4927 | D:5      | Found a snail-covered altar of Cheibriados.
  5289 | D:6      | Reached skill level 1 in Shields
  5410 | D:6      | Noticed Prince Ribbit
  5440 | D:6      | Killed Prince Ribbit
  5564 | D:6      | Reached XP level 9. HP: 44/56 MP: 9/9
  5958 | D:6      | Noticed Blork the orc
  5975 | D:6      | Killed Blork the orc
  6282 | D:7      | Noticed Menkaure
  6289 | D:7      | Killed Menkaure
  6289 | D:7      | Reached skill level 5 in Dodging
  6368 | D:7      | Gained mutation: You cannot train Dodging skill. [Ru
                  | sacrifice]
  6368 | D:7      | Reached ** piety under Ru
  6625 | D:7      | Reached skill level 5 in Armour
  7576 | D:8      | Reached XP level 10. HP: 32/63 MP: 7/10
  8367 | D:9      | Gained mutation: You cannot study or use magical devices.
                  | [Ru sacrifice]
  8367 | D:9      | Reached *** piety under Ru
  8367 | D:9      | Reached **** piety under Ru
  8640 | D:9      | Reached skill level 10 in Unarmed Combat
  8646 | D:9      | Reached skill level 1 in Throwing
  9296 | D:9      | Found a staircase to the Orcish Mines.
  9725 | D:10     | Entered Level 10 of the Dungeon
  9913 | D:10     | Reached XP level 11. HP: 51/69 MP: 9/11
  9945 | D:10     | Reached skill level 1 in Spellcasting
 10232 | D:10     | Gained mutation: You are hated by all. [Ru sacrifice]
 10232 | D:10     | Reached ***** piety under Ru
 10438 | D:11     | Reached skill level 5 in Shields
 10502 | D:11     | Noticed a manticore
 10529 | D:11     | Killed a manticore
 10878 | D:11     | Got a brightly glowing scimitar
 10879 | D:11     | Identified the +1 scimitar of Guile {elec, rPois rN+ Str-3
                  | Dex+5} (You found it on level 11 of the Dungeon)
 10960 | D:11     | Found a staircase to the Lair.
 10976 | Lair:1   | Entered Level 1 of the Lair of Beasts
 11576 | Lair:1   | Found a glowing golden altar of the Shining One.
 11576 | Lair:1   | Noticed an oklob plant
 11718 | Lair:2   | Gained mutation: You are somewhat unskilled. (-1 Apt) [Ru
                  | sacrifice]
 11718 | Lair:2   | Reduced skill Shields to level 5
 11718 | Lair:2   | Reduced skill Unarmed Combat to level 10
 11718 | Lair:2   | Reached ****** piety under Ru
 11786 | Lair:2   | Found a dark tunnel.
 11791 | Volcano  | Entered a volcano
 11936 | Volcano  | Found a radiant altar of Vehumet.
 11936 | Volcano  | Noticed a two-headed ogre
 11936 | Volcano  | Noticed an ogre mage
 11936 | Volcano  | Noticed a two-headed ogre
 11936 | Volcano  | Noticed a two-headed ogre
 11945 | Volcano  | Killed a two-headed ogre
 11953 | Volcano  | Killed a two-headed ogre
 11953 | Volcano  | Reached XP level 12. HP: 59/76 MP: 16/16
 11958 | Volcano  | Paralysed by an ogre mage for 6 turns
 11971 | Volcano  | Killed an ogre mage
 11984 | Volcano  | Killed a two-headed ogre
 12170 | Volcano  | Noticed a two-headed ogre
 12185 | Volcano  | Killed a two-headed ogre
 12198 | Volcano  | Got a spiked helmet
 12204 | Volcano  | Identified the +1 helmet of Purpose {rElec Slay+6} (You
                  | found it in a volcano)
 12613 | Lair:2   | Learned a level 2 spell: Blink
 12805 | Lair:3   | Reached skill level 5 in Throwing
 13010 | Lair:3   | Reached skill level 1 in Translocations
 13475 | Lair:3   | Reached XP level 13. HP: 65/82 MP: 18/20
 14018 | Lair:4   | Reached skill level 10 in Fighting
 14240 | Lair:4   | Found a staircase to the Snake Pit.
 14307 | Lair:4   | Found a white marble altar of Elyvilon.
 14400 | Lair:4   | Reached skill level 5 in Spellcasting
 15149 | Snake:1  | Entered Level 1 of the Snake Pit
 15992 | Lair:5   | Found a viscous altar of Jiyva.
 15992 | Lair:5   | Found a staircase to the Slime Pits.
 16050 | Lair:6   | Entered Level 6 of the Lair of Beasts
 16931 | Lair:6   | Gained mutation: Your large and strong wings let you fly
                  | indefinitely. [Gargoyle growth]
 16931 | Lair:6   | Reached XP level 14. HP: 68/88 MP: 21/21
 18057 | Orc:1    | Entered Level 1 of the Orcish Mines
 18390 | Orc:2    | Entered Level 2 of the Orcish Mines
 18986 | Orc:2    | Found Porommer's Assorted Antiques.
 18986 | Orc:2    | Found Vicue's Book Boutique.
 18988 | Orc:2    | Found Puownasch's Food Shop.
 18990 | Orc:2    | Found Wavy's Magic Scroll Emporium.
 19035 | Orc:2    | Bought a scroll of noise for 16 gold pieces
 19035 | Orc:2    | Bought a scroll of blinking for 120 gold pieces
 19208 | Orc:2    | Reached skill level 10 in Armour
 19894 | Orc:2    | Found a staircase to the Elven Halls.
 19947 | Orc:2    | Found a roughly hewn altar of Beogh.
 20143 | D:11     | Found the amulet of the Air {Inacc +Fly rElec EV+5 RMsl}
 20800 | D:12     | Found a portal to a secret trove of treasure.
 21910 | D:13     | Reached XP level 15. HP: 86/96 MP: 22/22
 21951 | D:13     | Found a gate to the Vaults.
 22549 | D:14     | Found a frozen archway.
 22607 | IceCv    | Entered an ice cave
 23135 | IceCv    | Got a steaming bronze ring
 23143 | IceCv    | Got a smoking silver amulet
 23158 | IceCv    | Identified the ring of Yntosoh {rElec rPois rN+++ Int+4
                  | Stlth+} (You found it in an ice cave)
 23159 | IceCv    | Identified the amulet "Acuadall" {+Rage rC- MP+9 Int+4}
                  | (You found it in an ice cave)
 23542 | D:14     | Reached skill level 10 in Shields
 24101 | D:14     | Noticed Azrael
 24117 | D:14     | Killed Azrael
 24655 | D:15     | Entered Level 15 of the Dungeon
 25415 | D:15     | Found a staircase to the Depths.
 25415 | D:15     | Noticed a fire giant
 25430 | D:15     | Killed a fire giant
 25744 | D:15     | Found Zelutec's Gadget Emporium.
 25870 | D:15     | Found a runed translucent door.
 25873 | D:15     | Noticed a frost giant
 26134 | D:15     | Reached XP level 16. HP: 103/103 MP: 23/23
 26691 | Snake:1  | Got an encrusted falchion
 26805 | Snake:1  | Got a smoking great mace
 27034 | Snake:1  | Noticed Asterion
 27054 | Snake:1  | Killed Asterion
 27990 | Snake:2  | Found Waim's Antique Weapon Shoppe.
 28019 | Snake:2  | Noticed a nagaraja
 28030 | Snake:2  | Killed a nagaraja
 29049 | Snake:3  | Noticed Aizul
 29060 | Snake:3  | Killed Aizul
 29171 | Snake:3  | Noticed Roxanne
 29208 | Snake:3  | Killed Roxanne
 29348 | Snake:3  | Reached XP level 17. HP: 103/110 MP: 24/24
 29773 | Snake:4  | Entered Level 4 of the Snake Pit
 30098 | Snake:4  | Identified the +4 hand crossbow of Darkness {velocity,
                  | rC++}
 30776 | Snake:4  | Reached skill level 15 in Unarmed Combat
 31283 | Snake:4  | Reached XP level 18. HP: 77/118 MP: 25/25
 31759 | Snake:4  | Reached skill level 15 in Fighting
 31918 | Snake:4  | Got a serpentine rune of Zot
 33079 | Lair:2   | Found a staircase to the Swamp.
 33092 | Swamp:1  | Entered Level 1 of the Swamp
 33281 | Swamp:2  | Reached skill level 1 in Crossbows
 33390 | Swamp:4  | Entered Level 4 of the Swamp
 33469 | Swamp:4  | Noticed Mara
 33535 | Swamp:4  | Noticed Illumine's illusion
 33980 | Swamp:4  | Noticed Illumine's illusion
 33996 | Swamp:4  | Killed Mara
 34520 | Swamp:4  | Reached XP level 19. HP: 116/124 MP: 26/26
 34661 | Swamp:4  | Noticed the 27-headed Lernaean hydra
 34683 | Swamp:4  | Killed the 27-headed Lernaean hydra
 35067 | Swamp:4  | Got a decaying rune of Zot
 35360 | Swamp:2  | Noticed Frances
 35381 | Swamp:2  | Killed Frances
 36028 | Swamp:1  | Reached skill level 15 in Armour
 36538 | Elf:1    | Entered Level 1 of the Elven Halls
 36873 | Vaults:1 | Entered Level 1 of the Vaults
 37393 | Vaults:1 | Paralysed by a great orb of eyes for 5 turns
 37407 | Vaults:1 | Paralysed by a great orb of eyes for 3 turns
 37780 | Vaults:1 | Reached skill level 5 in Crossbows
 38377 | Vaults:1 | Got a heavily runed marble ring
 38378 | Vaults:1 | Identified the ring of Equilibrium {AC+3 Str+4 Dex+6} (You
                  | found it on level 1 of the Vaults)
 39184 | Vaults:2 | Reached XP level 20. HP: 85/132 MP: 27/27
 39413 | Vaults:2 | Found a staircase to the Crypt.
 39413 | Vaults:2 | Found a basalt altar of Yredelemnul.
 39418 | Vaults:2 | Found an ancient bone altar of Kikubaaqudgha.
 39540 | Vaults:2 | Reached skill level 15 in Shields
 41716 | Vaults:3 | Noticed Bai Suzhen
 41742 | Vaults:3 | Killed Bai Suzhen
 41960 | Vaults:3 | Noticed Boris
 41980 | Vaults:3 | Killed Boris
 42216 | Vaults:3 | Noticed Mennas
 43438 | Elf:1    | Cast into level 3 of the Abyss (a deep elf demonologist)
 43511 | Abyss:3  | Found a corrupted altar of Lugonu.
 43520 | Elf:1    | Escaped the Abyss
 43942 | Elf:1    | Identified the Incunabulum of Supportive Battle Magic
 44344 | Elf:2    | Reached XP level 21. HP: 138/138 MP: 28/28
 44878 | Elf:2    | Found a huge runed translucent gate.
 44878 | Elf:2    | Found a huge runed translucent gate.
 44878 | Elf:2    | Found a huge runed translucent gate.
 44881 | Elf:2    | Found a huge runed translucent gate.
 44886 | Elf:2    | Found a huge runed translucent gate.
 44928 | Elf:2    | Noticed Louise
 44951 | Elf:2    | Killed Louise
 46183 | Elf:3    | Entered Level 3 of the Elven Halls
 46240 | Elf:3    | Found Ikuafial's Distillery.
 47536 | Elf:3    | Identified the +11 rapier "Pocwusix" {protect, rElec rC+++
                  | Str-3}
 47536 | Elf:3    | Identified the ring of Ustropt Xuni {rPois Dex+2}
 47575 | Elf:3    | Identified the +8 battleaxe of Proximity {protect, Str+4
                  | Int+2}
 47575 | Elf:3    | Identified the +1 leather armour "Cefeorgh" {*Drain +Blink
                  | rC+ Dex+4}
 48171 | Elf:3    | Identified Cubrit's Compendium of Helpful Sinister Secrets
 48188 | Elf:3    | Identified Deg Jot's Disquisition on Lightness
 48193 | Elf:3    | Got an ancient ring mail
 48201 | Elf:3    | Got a transparent plate armour
 48209 | Elf:3    | Identified the cursed +1 plate armour of Awe {+Fly Slay+6}
                  | (You found it on level 3 of the Elven Halls)
 48210 | Elf:3    | Identified the +3 ring mail "Zeph" {Dex+7} (You found it on
                  | level 3 of the Elven Halls)
 48262 | Elf:3    | Got a pair of encrusted boots
 48273 | Elf:3    | Identified the +0 pair of boots of the Queen {Regen+ Str+4}
                  | (You found it on level 3 of the Elven Halls)
 49074 | Vaults:3 | Killed Mennas
 49074 | Vaults:3 | Reached XP level 22. HP: 125/146 MP: 29/29
 49858 | Vaults:4 | Found a large runed translucent door.
 49858 | Vaults:4 | Found a large runed translucent door.
 49858 | Vaults:4 | Found a large runed translucent door.
 49858 | Vaults:4 | Found a large runed translucent door.
 49858 | Vaults:4 | Noticed Nornya's ghost (veteran MfSu)
 49859 | Vaults:4 | Found a large runed translucent door.
 49859 | Vaults:4 | Found a large runed translucent door.
 49859 | Vaults:4 | Found a large runed translucent door.
 49859 | Vaults:4 | Found a large runed translucent door.
 49961 | Vaults:4 | Noticed Frederick
 49986 | Vaults:4 | HP: 6/146 [crystal guardian/crystal bolt (27)]
 50390 | Vaults:4 | Killed from afar by Frederick

Levels and vault maps discovered:
D:1:      ncdulo_wetmaze, layout_basic
D:2:      layout_loops_ring
D:3:      layout_loops_ring, chequers_ecumenical_altar_simple, uniq_terence,
          uniq_crazy_yiuf_cottage
D:4:      layout_layer_cave, nicolae_gozag_zags_fifth_avenue,
          minmay_temple_entry_butterflies, first_ration
D:5:      minmay_chambers_of_threes, layout_loops_cross,
          overflow_temple_1_default, nicolae_overflow_hidden_temple,
          guppyfry_early_lair_pool
D:6:      layout_rooms, minmay_increasing_density, uniq_prince_ribbit1,
          uniq_blork_the_orc
D:7:      layout_gridville, uniq_menkaure
D:8:      layout_basic
D:9:      layout_stronghold, orc_0_dummy
D:10:     layout_rooms
D:11:     layout_loops_ring, grunt_lair_entry_orc_guard_hut
D:12:     layout_loops_corners, nicolae_trove_entry_crossroad
D:13:     layout_grid_maze, grunt_vaults_entry_fortified
D:14:     layout_basic, minmay_misc_feat_encased, serial_ice, serial_ice_g,
          serial_ice_m, serial_ice_i, serial_ice_n, serial_ice_o, serial_ice_a,
          portal_ice_cave_entry_ice_beasts, uniq_azrael
D:15:     grunt_enter_depths_giant_problem, layout_basic, serial_shops,
          nicolae_shop_crystal, kennysheep_flooded_box, minmay_hidden_floor
Temple:   eino_temple_rhombus
Lair:1:   layout_regular_city, lemuel_oklob_altar
Lair:2:   layout_chaotic_city, palyth_hydra_swamp_entry,
          nicolae_volcano_entry_s_turn
Lair:3:   beast_lair_carwin_large_1, layout_misc_corridors,
          infiniplex_staircase_pool
Lair:4:   layout_concentric_octagons, guppyfry_snake_entry_island, basic_altar,
          chequers_serial_rivers_small_3, minmay_lair_oklob_chamber
Lair:5:   layout_hall_layers, dpeg_slime_entry_enclosed_altar,
          infiniplex_staircase_pool_2, grunt_megastairs_4, serial_bayou_shore_a
Lair:6:   hangedman_lair_tendril_chambers, layout_cave_pods
Swamp:1:  layout_basic_swamp, nicolae_swamp_rocky_clearing
Swamp:2:  layout_basic_swamp, evilmike_swamp_ruin_house_2, swamp_pool1,
          nicolae_swamp_very_dense_foliage, uniq_frances
Swamp:3:  layout_falls_marsh, nicolae_swamp_trees_clearing
Swamp:4:  swamp_old_school, layout_basic_swamp, uniq_mara
Snake:1:  layout_gridlike, uniq_asterion
Snake:2:  layout_rooms, serial_shops, nicolae_shop_competitors_out_of_business,
          grunt_ministairs_1, nrook_guardian_serpent_double, grunt_megastairs_1
Snake:3:  minmay_snake_river, layout_basic, special_room,
          hangedman_snake_pattern, uniq_aizul, uniq_roxanne
Snake:4:  grunt_snake_rune_spirals, layout_onion, serial_bayou_pond_e,
          grunt_ministairs_13, hangedman_venom_bottle
Orc:1:    layout_diamond_mine
Orc:2:    st_orc_rangers, layout_caves, basic_altar
Elf:1:    minmay_elf_arrival_plus, layout_gridlike, minmay_elf_sorcery,
          minivault_5, minivault_8
Elf:2:    layout_geoelf_octagon, minivault_5, uniq_louise
Elf:3:    elf_hall, layout_geoelf_grid, serial_shops, shop,
          kilobyte_mutagenic_chamber
Vaults:1: nicolae_vaults_stairing_the_circle, nicolae_vaults_theta,
          grunt_vaults_funnel, nicolae_vaults_specimen_jars, v_alt_pattern_4,
          st_check, v_misc_15, layout_vaults_big_room
Vaults:2: hangedman_vaults_stretched_pinwheel, nicolae_vaults_mini_display_case,
          dpeg_vaults_waves, nicolae_vaults_little_squares_2,
          nicolae_vaults_border_crossing, ontoclasm_vaults_misaligned,
          grunt_vaults_trifunnel, hangedman_vaults_impose,
          ontoclasm_vaults_shuriken, vaults_room_semicircle,
          nicolae_vaults_yaktaur_gun_rack, vaults_mumra_minichess_inversion,
          minmay_crypt_entry_necro_gods, grunt_vaults_hallway_short,
          layout_vaults_ring
Vaults:3: vaults_dpeg_hooks, nicolae_vaults_twisting_passages,
          ontoclasm_vaults_hangar, hangedman_vaults_variations,
          vaults_dpeg_ring, layout_vaults_omnigrid, uniq_bai_suzhen, uniq_boris,
          uniq_mennas
Vaults:4: advil_vaults_ghost_lines, vaults_room_stairs_pillars,
          nicolae_vaults_network_periphery, hangedman_vaults_locks,
          grunt_vaults_bifocal, hangedman_vaults_river_flow,
          hangedman_vaults_restitches, hangedman_vaults_corner_blocks,
          ontoclasm_vaults_claustrophobia, vaults_room_corners, v_rooms_2,
          ontoclasm_vaults_decontamination, layout_vaults_maze_bifur,
          uniq_frederick

Skill      XL: |  1  2  3  4  5  6  7  8  9 10 11 12 13 14 15 16 17 18 19 20 21 22 |
---------------+-------------------------------------------------------------------+-----
Unarmed Combat | 4 5 6 7 9 10 10 11 12 13 14 15 16 17 | 17.8
Fighting       | 4 5 6 7 8 9 10 11 12 13 14 15 16 17 | 17.8
Dodging        | 3 4 0 |  0.0
Armour         | 1 2 4 5 7 7 9 10 11 12 13 14 15 16 17 | 17.1
Shields        | 2 4 5 6 7 9 10 12 13 14 15 16 | 16.6
Throwing       | 2 4 5 6 8 |  8.0
Spellcasting   | 3 4 5 |  5.0
Translocations | 2 |  2.2
Crossbows      | 2 5 7 9 |  9.8
Stealth        | |  2.0

Action                   |  1- 3 |  4- 6 |  7- 9 | 10-12 | 13-15 | 16-18 | 19-21 | 22-24 || total
-------------------------+-------+-------+-------+-------+-------+-------+-------+-------++-------
Melee: Unarmed           |   141 |   220 |   586 |   868 |  1693 |  1533 |  1778 |   202 ||  7021
       Punch             |       |     2 |    18 |       |       |       |       |       ||    20
       Hand crossbow     |       |       |       |       |       |       |     1 |       ||     1
 Fire: Hand crossbow     |       |       |       |       |       |       |   329 |    33 ||   362
Throw: Boomerang         |       |    30 |    19 |    21 |    81 |   138 |    10 |       ||   299
Invok: Sacrifice Arcana  |       |     1 |       |       |       |       |       |       ||     1
       Sacrifice Nimblen |       |       |     1 |       |       |       |       |       ||     1
       Power Leap        |       |       |       |    12 |     2 |    19 |     9 |       ||    42
       Sacrifice Artific |       |       |       |     1 |       |       |       |       ||     1
       Sacrifice Love    |       |       |       |     1 |       |       |       |       ||     1
       Sacrifice Skill   |       |       |       |     1 |       |       |       |       ||     1
       Draw Out Power    |       |       |       |     1 |     1 |     1 |     1 |     1 ||     5
       Apocalypse        |       |       |       |       |     1 |     1 |       |       ||     2
 Abil: Fly               |       |       |       |       |     1 |       |       |       ||     1
  Use: Scroll            |       |     4 |     9 |    12 |    10 |     7 |     5 |     1 ||    48
       Potion            |       |       |     2 |       |     1 |     8 |    13 |       ||    24
 Stab: Sleeping          |     4 |     2 |     2 |     1 |       |       |       |       ||     9
       Distracted        |       |     1 |     1 |     5 |     9 |    11 |     8 |     1 ||    36
       Invisible         |       |       |     2 |     5 |    11 |    11 |     9 |       ||    38
       Confused          |       |       |       |     1 |     1 |     1 |       |       ||     3
       Paralysed         |       |       |       |     2 |    14 |     7 |       |       ||    23
       Petrified         |       |       |       |       |     3 |       |       |       ||     3
  Eat: Chunk             |     2 |     4 |    12 |    15 |    22 |     8 |    24 |       ||    87
       Ration            |       |     1 |     1 |     1 |     6 |     6 |     7 |     2 ||    24
Armor: Robe              |    59 |    63 |    79 |       |       |       |       |       ||   201
       Ring mail         |       |       |   197 |   117 |       |       |       |       ||   314
       Troll leather arm |       |       |       |   126 |       |       |       |       ||   126
       Chain mail        |       |       |       |    93 |   626 |   656 |   712 |    51 ||  2138
Dodge: Dodged            |    92 |   140 |   327 |   242 |   250 |   314 |   203 |     5 ||  1573
Block: Buckler           |       |       |    26 |   193 |    65 |       |       |       ||   284
       Reflection        |       |       |       |     1 |    79 |   139 |    91 |    20 ||   330
       Shield            |       |       |       |       |   913 |   698 |       |       ||  1611
       Large shield      |       |       |       |       |       |   614 |  1479 |   183 ||  2276
